 Dungeon Crawl Stone Soup version 0.30.0-7-g0c4daa9e05 (webtiles) character file.

Game seed: 18092849614356193189

69709 tish the Spear-Bearer (level 15, 0/116 HPs)
             Began as a Gnoll Wanderer on May 12, 2023.
             Was a High Priest of Nemelex Xobeh.
             Killed from afar by Jorgrun (18 damage)
             ... with an iron shot
             ... while petrified by Jorgrun
             ... on level 13 of the Dungeon on May 13, 2023.
             The game lasted 01:38:07 (39311 turns).

tish the Spear-Bearer (Gnoll Wanderer)             Turns: 39311, Time: 01:38:08

Health: 0/116      AC: 21    Str: 14    XL:     15   Next: 30%
Magic:  29/29      EV:  2    Int: 11    God:    Nemelex Xobeh [*****.]
Gold:   1128       SH:  0    Dex: 17    Spells: 23/35 levels left

rFire   . . .        n - +3 falchion of Valour {elec, rC++}
rCold   + + .        q - +0 kite shield
rNeg    + + +        e - +2 plate armour
rPois   ∞            I - +0 hat
rElec   .            b - +0 cloak
rCorr   +            l - +0 pair of gloves
SInv    .            r - +0 pair of boots
Will    +....        Y - amulet of the Townfolk {Reflect rCorr SH+5} Stlth
                     s - ring of wizardry
HPRegen 0.39/turn    U - ring of wizardry
MPRegen 0.21/turn

%: reflection, wizardry (x2)
@: petrified, studying Short Blades
A: fangs 1, strong nose, distributed training, passive freeze
a: Renounce Religion, Draw Escape, Draw Destruction, Draw Summoning, Triple
Draw, Deal Four, Stack Five


You were on level 13 of the Dungeon.
You worshipped Nemelex Xobeh.
Nemelex Xobeh was extremely pleased with you.
You visited 3 branches of the dungeon, and saw 19 of its levels.
You also visited: Gauntlet.

You collected 1128 gold pieces.

Inventory:

Hand Weapons
 a - a +3 vampiric spear
 n - the +3 falchion of Valour (weapon) {elec, rC++}
   (You found it on level 2 of the Dungeon)

   rC:        It greatly protects you from cold.
Missiles
 o - 17 javelins (quivered)
 T - 10 atropa-tipped darts
Armour
 b - a +0 cloak (worn)
 e - a +2 plate armour (worn)
 l - a +0 pair of gloves (worn)
 q - a +0 kite shield (worn)
 r - a +0 pair of boots (worn)
 E - a +2 robe of resistance
 I - a +0 hat (worn)
Jewellery
 d - a ring of see invisible
 m - a ring of protection from fire
 s - a ring of wizardry (left hand)
 A - a ring of fire
 J - a +6 ring of strength
 N - an amulet of faith
 P - a ring of protection from cold
 Q - a +6 ring of intelligence
 U - a ring of wizardry (right hand)
 Y - the amulet of the Townfolk (around neck) {Reflect rCorr SH+5}
   (You found it on level 3 of the Lair of Beasts)

   [amulet of reflection]

   It reflects blocked missile attacks.
   rCorr:     It protects you from acid and corrosion.
   SH:        It affects your SH (+5).
Wands
 j - a wand of roots (16)
 v - a wand of mindburst (12)
 y - a wand of polymorph (3)
 H - a wand of charming (5)
 K - a wand of flame (7)
 L - a wand of quicksilver (5)
Scrolls
 f - 2 scrolls of butterflies
 p - 4 scrolls of teleportation
 w - 2 scrolls of fear
 x - 3 scrolls of poison
 B - 2 scrolls of fog
 C - 3 scrolls of identify
 D - 2 scrolls of silence
 M - 4 scrolls of amnesia
 O - a scroll of blinking
 R - 3 scrolls of magic mapping
 S - a scroll of enchant weapon
Potions
 c - a potion of haste
 g - 3 potions of flight
 h - 8 potions of curing
 i - 3 potions of lignification
 k - 5 potions of attraction
 t - 7 potions of degeneration
 u - 8 potions of brilliance
 z - a potion of might
 F - 2 potions of resistance
 G - 3 potions of mutation
 X - a potion of ambrosia
Miscellaneous
 V - a lightning rod (3/4)
 W - a piece from Xom's chessboard (15/15)


   Skills:
 + Level 10.3 Fighting
 + Level 12.4 Short Blades
 + Level 10.3 Long Blades
 + Level 10.3 Axes
 + Level 10.3 Maces & Flails
 + Level 13.2 Polearms
 + Level 10.3 Staves
 + Level 10.3 Ranged Weapons
 + Level 10.3 Throwing
 + Level 10.3 Armour
 + Level 11.3 Dodging
 + Level 10.3 Stealth
 + Level 10.3 Shields
 + Level 10.3 Unarmed Combat
 + Level 10.7 Spellcasting
 + Level 10.3 Conjurations
 + Level 8.7 Hexes
 + Level 8.7 Summonings
 + Level 8.7 Necromancy
 + Level 8.7 Translocations
 + Level 8.7 Transmutations
 + Level 8.7 Fire Magic
 + Level 8.7 Ice Magic
 + Level 8.7 Air Magic
 + Level 8.7 Earth Magic
 + Level 8.7 Poison Magic
 + Level 11.2 Invocations
 + Level 10.3 Evocations


You had 23 spell levels left.
You knew the following spells:

 Your Spells              Type           Power      Damage    Failure   Level
a - Iron Shot             Conj/Erth      13%        9d3       100%        6
b - Statue Form           Tmut/Erth      16%        N/A       100%        6

Your spell library contained the following spells:

 Spells                   Type           Power      Damage    Failure   Level
 Kiss of Death            Conj/Necr      100%       2d13      7%          1
 Searing Ray              Conj           56%        2d6       7%          2
 Beastly Appendage        Tmut           50%        N/A       10%         1
 Sandblast                Erth           50%        2d12      10%         1
 Slow                     Hex            100%       N/A       10%         1
 Passwall                 Tmut/Erth      20%        N/A       14%         2
 Wereblood                Tmut           25%        N/A       14%         2
 Dazzling Flash           Conj/Hex       52%        N/A       19%         3
 Stone Arrow              Conj/Erth      52%        3d10      19%         3
 Confusing Touch          Hex            25%        N/A       26%         3
 Ozocubu's Armour         Ice            25%        N/A       26%         3
 Spider Form              Tmut/Pois      25%        N/A       26%         3
 Summon Guardian Golem    Hex/Summ       25%        N/A       26%         3
 Vampiric Draining        Necr           25%        2d7       26%         3
 Animate Armour           Summ/Erth      50%        N/A       63%         4
 Dispel Undead            Necr           25%        3d12      63%         4
 Leda's Liquefaction      Hex/Erth       12%        N/A       63%         4
 Iskenderun's Battlesphe  Conj           28%        2d8       73%         5
 Blade Hands              Tmut           12%        N/A       90%         5
 Lee's Rapid Deconstruct  Erth           12%        3d9*      90%         5
 Metabolic Englaciation   Hex/Ice        12%        N/A       90%         5
 Summon Forest            Summ/Tloc      12%        N/A       90%         5
 Eringya's Noxious Bog    Tmut/Pois      12%        N/A       100%        6
 Simulacrum               Ice/Necr       12%        N/A       100%        6
 Orb of Destruction       Conj           14%        9d7       100%        7
 Spellforged Servitor     Conj/Summ      13%        N/A       100%        7
 Summon Hydra             Summ           12%        N/A       100%        7


Dungeon Overview and Level Annotations

Branches:
Dungeon (13/15)            Temple (1/1) D:5            Lair (5/5) D:11
  Swamp (0/4) Lair:3       Spider (0/4) Lair:2        Slime (0/5) Lair:5
    Orc (0/2) D:9         Gauntlet (visited)
 Vaults: D:13-14

Altars:
Ashenzari
Cheibriados
Dithmenos
Elyvilon
Fedhas
Gozag
Hepliaklqana
Kikubaaqudgha
Makhleb
Nemelex Xobeh
Okawaru
Qazlal
Ru
Sif Muna
Trog
Uskayaw
Vehumet
Wu Jian
Xom
Yredelemnul
Zin
The Shining One
Jiyva

Shops:
D:12 (

Annotations:
D:4 1 transporter
D:13 Jorgrun
Lair:1 3 runed translucent doors, caveywoolpert's ghost, journeyman GrEE


Innate Abilities, Weirdness & Mutations

You have very sharp teeth.
Your uncanny sense of smell can sniff out nearby items.
Your experience applies equally to all skills.
A frigid envelope surrounds you and freezes all who hurt you.


Message History

You hit Jorgrun but do no damage. Lightning courses through Jorgrun!!
Your bite misses Jorgrun.
Jorgrun is lightly wounded.
Jorgrun gestures at you while chanting.
Roots burst forth from the earth!
The grasping roots grab you! The grasping roots constrict you!
You slash Jorgrun!
Jorgrun is moderately wounded.
Jorgrun points at you and mumbles some strange words.
You are slowing down.
The grasping roots constrict you!
You barely miss Jorgrun.
Jorgrun is moderately wounded.
You block Jorgrun's attack. The grasping roots constrict you!
Your limbs are stiffening.
Okay, then.
You escape the roots grasp.
Jorgrun points at you and mumbles some strange words.
The iron shot hits you!!!
Jorgrun hits you with a +0 heavy quarterstaff!
Jorgrun is very cold.
Jorgrun is moderately wounded.
You have turned to stone.
You stop ascending the stairs.
Jorgrun hits you but does no damage.
Jorgrun is very cold.
Jorgrun is moderately wounded.
Jorgrun hits you with a +0 heavy quarterstaff.
Jorgrun is very cold.
Jorgrun is moderately wounded.
Jorgrun gestures at you while chanting. The iron shot hits you!!!
* * * LOW HITPOINT WARNING * * *
Jorgrun hits you with a +0 heavy quarterstaff!
* * * LOW HITPOINT WARNING * * *
Jorgrun is very cold.
Jorgrun is heavily wounded.
Jorgrun points at you and mumbles some strange words.
The iron shot hits you!!!
You die...
Your body glows slightly and disappears.

##.......,,,******
#........,,,,***** .
#.......^.,,,,***,
#.
#.......(..,,,,*,,
#.
#..(.......?,,,,,,
#.
#...........,,,,,,
#.
#............,,,,,
#.#<.(.........,,,,,
#.@...........,,,,,
##g...........,,,,,
#............,,,,,
#............,,,,,
#............,,,,,
#............,,*,,
#............,***,
#..........!.*****
##..........#*****


You could see Jorgrun.

Vanquished Creatures
  A bunyip (Lair:5)
  A minotaur (Gauntlet)
  An ettin (Lair:3)
  A fire dragon (Lair:5)
  2 hydras (Lair:2)
  Harold (D:9)
  A two-headed ogre (D:12)
  6 death yaks
  2 boulder beetles (Lair:4)
  Urug (D:11)
  A tengu warrior (D:12)
  A fire crab (Lair:3)
  A skyshark (Lair:2)
  A swamp dragon (Lair:5)
  A lindwurm (Lair:4)
  A necromancer (Gauntlet)
  2 bog bodies (Lair:3)
  A deep elf pyromancer (D:12)
  An oklob plant (Lair:5)
  A cyclops (D:12)
  A wolf spider (Lair:5)
  19 elephants
  6 black mambas (Lair:5)
  A guardian serpent (Lair:4)
  13 cane toads
  A kobold demonologist (D:11)
  An unseen horror (D:10)
  14 komodo dragons
  5 rime drakes
  A tengu conjurer (D:12)
  4 meliai
  5 hornets
  2 trolls (D:10)
  4 polar bears
  23 dream sheep
  9 blink frogs
  Grinder (D:3)
  5 slime creatures (D:12)
  13 wyverns
  A wraith (D:12)
  49 yaks
  6 basilisks
  A water elemental (D:11)
  Grum (D:8)
  2 steam dragons
  A human (Lair:3)
  3 redbacks (Lair:5)
  10 vampire mosquitoes
  Menkaure (D:4)
  2 swamp worms (Lair:3)
  4 acid dragons
  A swamp drake (Lair:5)
  27 water moccasins
  2 ice beasts
  4 orc warriors
  A black bear (D:5)
  A sky beast (Lair:3)
  3 centaurs
  20 wolves
  5 kobold brigands
  10 bullfrogs
  Blork the orc (D:5)
  2 gnoll sergeants
  9 scorpions
  5 wights
  23 killer bees
  6 howler monkeys (D:11)
  6 electric eels
  2 hounds
  3 gnoll boudas
  3 orc priests
  11 iguanas
  5 orc wizards
  4 hell rats (Lair:1)
  A statue (D:7)
  Robin (D:4)
  38 gnolls
  5 adders
  3 river rats (Lair:3)
  A shadow imp (D:7)
  A white imp (D:7)
  3 ufetubi
  A worm (D:5)
  A dart slug (D:4)
  28 orcs
  4 bats
  5 endoplasms
  A giant cockroach (D:4)
  14 hobgoblins
  2 quokkas
  4 ball pythons
  6 frilled lizards
  17 goblins
  10 kobolds
  4 rats
541 creatures vanquished.

Vanquished Creatures (collateral kills)
  Rupert (Lair:3)
  A hydra (Lair:5)
  A komodo dragon (Lair:5)
  4 blink frogs (Lair:5)
7 creatures vanquished.

Grand Total: 548 creatures vanquished

Notes
Turn   | Place    | Note
-------+----------+-------------------------------------------
     0 | D:1      | tish the Gnoll Wanderer began the quest for the Orb.
     0 | D:1      | tish set off with the following items: a +0 spear, a +0
                  | cloak, a potion of berserk rage, a +0 robe; and the
                  | following spell memorised: Kiss of Death; and the following
                  | spells available to memorise: Searing Ray, Dazzling Flash.
     0 | D:1      | Reached XP level 1. HP: 13/13 MP: 4/4
   190 | D:1      | Reached XP level 2. HP: 19/19 MP: 5/5
  1082 | D:2      | Reached XP level 3. HP: 23/25 MP: 7/7
  1090 | D:2      | Found a faded altar of an unknown god.
  1110 | D:2      | Identified the +3 falchion of Valour {elec, rC++}
  1291 | D:2      | Reached skill level 1 in Invocations
  1294 | D:2      | Reached skill level 1 in Fighting
  1294 | D:2      | Reached skill level 1 in Short Blades
  1294 | D:2      | Reached skill level 1 in Long Blades
  1294 | D:2      | Reached skill level 1 in Axes
  1294 | D:2      | Reached skill level 1 in Maces & Flails
  1294 | D:2      | Reached skill level 1 in Staves
  1294 | D:2      | Reached skill level 1 in Ranged Weapons
  1294 | D:2      | Reached skill level 1 in Throwing
  1294 | D:2      | Reached skill level 1 in Armour
  1294 | D:2      | Reached skill level 1 in Stealth
  1294 | D:2      | Reached skill level 1 in Shields
  1294 | D:2      | Reached skill level 1 in Unarmed Combat
  1294 | D:2      | Reached skill level 1 in Evocations
  1308 | D:2      | Reached XP level 4. HP: 28/32 MP: 8/8
  1341 | D:2      | Found a glowing golden altar of the Shining One.
  1701 | D:3      | Noticed Grinder
  1711 | D:3      | Killed Grinder
  1712 | D:3      | Reached skill level 5 in Dodging
  1712 | D:3      | Reached skill level 1 in Hexes
  1712 | D:3      | Reached skill level 1 in Summonings
  1712 | D:3      | Reached skill level 1 in Necromancy
  1712 | D:3      | Reached skill level 1 in Translocations
  1712 | D:3      | Reached skill level 1 in Transmutations
  1712 | D:3      | Reached skill level 1 in Fire Magic
  1712 | D:3      | Reached skill level 1 in Ice Magic
  1712 | D:3      | Reached skill level 1 in Air Magic
  1712 | D:3      | Reached skill level 1 in Earth Magic
  1712 | D:3      | Reached skill level 1 in Poison Magic
  1712 | D:3      | Reached XP level 5. HP: 13/38 MP: 8/10
  1712 | D:3      | Reached XP level 6. HP: 16/44 MP: 8/11
  3050 | D:4      | Found a sacrificial altar of Ru.
  3103 | D:4      | Noticed Robin
  3121 | D:4      | Killed Robin
  3503 | D:4      | Reached XP level 7. HP: 48/50 MP: 12/12
  3856 | D:4      | Noticed Menkaure
  3868 | D:4      | Killed Menkaure
  3950 | D:4      | Found a sparkling altar of Nemelex Xobeh.
  3950 | D:4      | Found a transporter.
  3957 | D:4      | Became a worshipper of Nemelex Xobeh the Trickster
  4333 | D:5      | Entered Level 5 of the Dungeon
  4333 | D:5      | Found a basalt altar of Yredelemnul.
  4355 | D:5      | Reached skill level 9 in Polearms
  5066 | D:5      | Reached XP level 8. HP: 44/58 MP: 14/14
  5190 | D:5      | Noticed Blork the orc
  5203 | D:5      | Killed Blork the orc
  5456 | D:5      | Found a staircase to the Ecumenical Temple.
  5552 | Temple   | Entered the Ecumenical Temple
  6113 | D:5      | Gained mutation: A frigid envelope surrounds you and
                  | freezes all who hurt you. [potion of mutation]
  7812 | D:6      | Reached XP level 9. HP: 51/65 MP: 16/16
  7898 | D:6      | Reached skill level 5 in Spellcasting
  7898 | D:6      | Found a stormy altar of Qazlal.
  8172 | D:6      | Reached * piety under Nemelex Xobeh
  8625 | D:7      | Found a radiant altar of Vehumet.
  8725 | D:7      | Reached skill level 5 in Invocations
  9201 | D:7      | Found a bloodstained altar of Trog.
  9524 | D:8      | Reached skill level 5 in Fighting
  9524 | D:8      | Reached skill level 5 in Short Blades
  9524 | D:8      | Reached skill level 5 in Long Blades
  9524 | D:8      | Reached skill level 5 in Axes
  9524 | D:8      | Reached skill level 5 in Maces & Flails
  9524 | D:8      | Reached skill level 5 in Staves
  9524 | D:8      | Reached skill level 5 in Ranged Weapons
  9524 | D:8      | Reached skill level 5 in Throwing
  9524 | D:8      | Reached skill level 5 in Armour
  9524 | D:8      | Reached skill level 5 in Stealth
  9524 | D:8      | Reached skill level 5 in Shields
  9524 | D:8      | Reached skill level 5 in Unarmed Combat
  9524 | D:8      | Reached skill level 5 in Evocations
  9524 | D:8      | Reached XP level 10. HP: 64/74 MP: 18/18
  9594 | D:8      | Reached skill level 10 in Polearms
 10017 | D:8      | Noticed Grum
 10030 | D:8      | Killed Grum
 10247 | D:8      | Found a snail-covered altar of Cheibriados.
 10436 | D:9      | Found a staircase to the Orcish Mines.
 10571 | D:9      | Reached ** piety under Nemelex Xobeh
 12069 | D:9      | Received a gift from Nemelex Xobeh
 12094 | D:9      | Reached skill level 5 in Hexes
 12094 | D:9      | Reached skill level 5 in Summonings
 12094 | D:9      | Reached skill level 5 in Necromancy
 12094 | D:9      | Reached skill level 5 in Translocations
 12094 | D:9      | Reached skill level 5 in Transmutations
 12094 | D:9      | Reached skill level 5 in Fire Magic
 12094 | D:9      | Reached skill level 5 in Ice Magic
 12094 | D:9      | Reached skill level 5 in Air Magic
 12094 | D:9      | Reached skill level 5 in Earth Magic
 12094 | D:9      | Reached skill level 5 in Poison Magic
 12094 | D:9      | Reached XP level 11. HP: 80/81 MP: 21/21
 12234 | D:10     | Entered Level 10 of the Dungeon
 12234 | D:10     | Found a blossoming altar of Fedhas.
 12484 | D:10     | Found a glowing silver altar of Zin.
 12484 | D:10     | Found a glowing golden altar of the Shining One.
 12508 | D:10     | Noticed Harold
 12600 | D:9      | Killed Harold
 13581 | D:10     | Found a hazy altar of Hepliaklqana.
 13941 | D:10     | Found a white marble altar of Elyvilon.
 14104 | D:11     | Noticed a soul eater
 14581 | D:10     | HP: 3/83 [poisoned by a kobold brigand (curare-tipped
                  | dart)]
 14583 | D:10     | HP: 1/83 [poisoned by a kobold brigand (curare-tipped
                  | dart)]
 15636 | D:11     | Reached *** piety under Nemelex Xobeh
 15801 | D:11     | Noticed Urug
 15815 | D:11     | Killed Urug
 16881 | D:11     | Reached skill level 11 in Polearms
 18324 | D:11     | Found a staircase to the Lair.
 18442 | Lair:1   | Entered Level 1 of the Lair of Beasts
 18458 | Lair:1   | Reached XP level 12. HP: 89/91 MP: 23/23
 18610 | Lair:1   | Found a gate leading to a gauntlet.
 18623 | Gauntlet | Entered a Gauntlet
 18623 | Gauntlet | Found a transporter.
 18760 | Gauntlet | Found a transporter.
 18763 | Gauntlet | Found a transporter.
 18767 | Gauntlet | Noticed a tengu warrior
 18775 | Gauntlet | Found a transporter.
 18776 | Gauntlet | Found a transporter.
 18783 | Gauntlet | Found a transporter.
 18787 | Gauntlet | Found a transporter.
 18788 | Gauntlet | Noticed an entropy weaver
 18792 | Gauntlet | Noticed a death yak
 18793 | Gauntlet | Noticed a death yak
 18795 | Gauntlet | Found a transporter.
 18795 | Gauntlet | Noticed a death yak
 18796 | Gauntlet | Noticed a death yak
 18796 | Gauntlet | Noticed a death yak
 18799 | Gauntlet | Found a transporter.
 18804 | Gauntlet | Noticed a catoblepas
 18807 | Gauntlet | Found a transporter.
 18828 | Gauntlet | Found a transporter.
 18840 | Gauntlet | Found a transporter.
 18852 | Gauntlet | Found a transporter.
 18864 | Gauntlet | Found a transporter.
 18964 | Gauntlet | Noticed a minotaur
 18976 | Gauntlet | Killed a minotaur
 18983 | Gauntlet | Identified the +1 robe of Claustrophobia {rC+}
 19670 | Lair:1   | Reached **** piety under Nemelex Xobeh
 19758 | Lair:1   | Found a runed translucent gate.
 19758 | Lair:1   | Found a runed translucent gate.
 19759 | Lair:1   | Found a runed translucent gate.
 19762 | Lair:1   | Found a viscous altar of Jiyva.
 19762 | Lair:1   | Noticed caveywoolpert's ghost (journeyman GrEE)
 20254 | Lair:2   | Found a hole to the Spider Nest.
 20315 | Lair:2   | Received a gift from Nemelex Xobeh
 20385 | Lair:2   | Noticed a skyshark
 20390 | Lair:2   | Killed a skyshark
 20419 | Lair:2   | Noticed a five-headed hydra
 20426 | Lair:2   | Killed a five-headed hydra
 20651 | Lair:2   | Noticed an eight-headed hydra
 20658 | Lair:2   | Killed an eight-headed hydra
 21352 | Lair:2   | Received a gift from Nemelex Xobeh
 21807 | Lair:3   | Identified the amulet of the Townfolk {Reflect rCorr SH+5}
 21848 | Lair:3   | Noticed a six-headed hydra
 21858 | Lair:3   | a six-headed hydra changed into an ettin
 21858 | Lair:3   | Noticed an ettin
 21864 | Lair:3   | Killed an ettin
 21887 | Lair:3   | Reached XP level 13. HP: 76/98 MP: 25/25
 22433 | Lair:3   | Received a gift from Nemelex Xobeh
 22794 | Lair:3   | Found a glowing silver altar of Zin.
 22973 | Lair:3   | Noticed Rupert
 22990 | Lair:3   | HP: 2/99 [Rupert/+0 heavy executioner's axe (24)]
 22993 | Lair:3   | Killed Rupert
 23399 | Lair:3   | Reached skill level 12 in Polearms
 23631 | Lair:3   | Noticed Snorg
 23632 | Lair:3   | Snorg changed into Snorg the fire crab
 23632 | Lair:3   | Noticed Snorg
 23642 | Lair:3   | Killed Snorg the fire crab
 23882 | Lair:3   | Found a staircase to the Swamp.
 24898 | Lair:4   | Received a gift from Nemelex Xobeh
 25168 | Lair:4   | Reached ***** piety under Nemelex Xobeh
 25248 | Lair:4   | Reached skill level 10 in Short Blades
 25248 | Lair:4   | Reached skill level 10 in Dodging
 26214 | Lair:5   | Entered Level 5 of the Lair of Beasts
 27489 | Lair:4   | Reached skill level 10 in Invocations
 27489 | Lair:4   | Reached XP level 14. HP: 87/108 MP: 27/27
 29824 | Lair:5   | Reached skill level 10 in Spellcasting
 30436 | Lair:5   | Received a gift from Nemelex Xobeh
 33115 | Lair:5   | Reached skill level 10 in Conjurations
 33944 | Lair:4   | Reached skill level 10 in Fighting
 33944 | Lair:4   | Reached skill level 10 in Long Blades
 33944 | Lair:4   | Reached skill level 10 in Axes
 33944 | Lair:4   | Reached skill level 10 in Maces & Flails
 33944 | Lair:4   | Reached skill level 10 in Staves
 33944 | Lair:4   | Reached skill level 10 in Ranged Weapons
 33944 | Lair:4   | Reached skill level 10 in Throwing
 33944 | Lair:4   | Reached skill level 10 in Armour
 33944 | Lair:4   | Reached skill level 10 in Stealth
 33944 | Lair:4   | Reached skill level 10 in Shields
 33944 | Lair:4   | Reached skill level 10 in Unarmed Combat
 33944 | Lair:4   | Reached skill level 10 in Evocations
 34232 | Lair:5   | Reached skill level 13 in Polearms
 34427 | Lair:5   | Reached XP level 15. HP: 102/115 MP: 29/29
 35204 | Lair:5   | Received a gift from Nemelex Xobeh
 35220 | Lair:5   | Found a staircase to the Slime Pits.
 35833 | Lair:5   | Learned a level 6 spell: Iron Shot
 35840 | Lair:5   | Learned a level 6 spell: Statue Form
 37020 | D:11     | Upgraded the game from 0.30.0-5-g1a98f26d00 to
                  | 0.30.0-7-g0c4daa9e05
 37238 | D:12     | Found Luntises's Weapon Shop.
 37250 | D:12     | Received a gift from Nemelex Xobeh
 37424 | D:13     | Noticed Jorgrun
 39311 | D:13     | Killed from afar by Jorgrun

Illustrated notes

Levels and vault maps discovered:
D:1:      wander_arrival_lonely_grave, layout_loops_ring,
          nicolae_concentric_dashed_squares_mild
D:2:      layout_rooms, chequers_ecumenical_altar_simple, basic_altar
D:3:      minmay_wonky_spiral, layout_basic, guppyfry_early_lair_pool,
          uniq_grinder
D:4:      layout_basic, nicolae_ru_great_annihilating_truth,
          grunt_nemelex_the_gamble, uniq_menkaure, uniq_robin
D:5:      layout_loops_ring, mainiacjoe_overflow_concentric_impassable,
          minmay_temple_entry_slanted, uniq_blork_the_orc
D:6:      layout_rooms, grunt_qazlal_clouds
D:7:      layout_basic, trog_butcher_becter, vehumet_statue
D:8:      layout_rooms, marbit_many_paths, uniq_grum
D:9:      layout_cave_pools, orc_0_dummy
D:10:     layout_long_grid, dreamdust_divine_triumvirate,
          mainiacjoe_overflow_brackets, fedhas_altar_1, uniq_harold
D:11:     layout_gridville, lair_entry_dummy, kennysheep_cluttered_room,
          corexii_leaking_fountain, uniq_urug
D:12:     layout_long_grid, serial_shops, nicolae_shop_bloodbath_and_beyond
D:13:     layout_big_octagon, portal_ice_cave_entry_pillars_2, minivault_16,
          uniq_jorgrun
Temple:   compressed_dpeg_circular_temple
Lair:1:   layout_cellular_growth, gauntlet_entry_generic, gammafunk_ghost_ooze,
          minivault_19, serial_bayou_crossing
Lair:2:   layout_chaotic_city, hellmonk_spider_entry_not_the_bees,
          grunt_megastairs_4
Lair:3:   layout_cave_pods, nicolae_swamp_entry_splash_gauntlet, basic_altar,
          pond, serial_bayou_shore_a, uniq_snorg, uniq_rupert
Lair:4:   layout_regular_city
Lair:5:   hangedman_lair_tendril_chambers, layout_loops_ring,
          guppyfry_lair_end_dragon, minmay_slime_entry_oklob_enclosed,
          nicolae_quartered_pool_super

Skill      XL: |  1  2  3  4  5  6  7  8  9 10 11 12 13 14 15 |
---------------+----------------------------------------------+-----
Invocations    | 1 2 3 4 5 6 7 8 10 11 | 11.2
Fighting       | 1 2 3 5 6 7 8 9 10 | 10.3
Short Blades   | 1 2 3 5 6 7 8 10 12 | 12.4
Long Blades    | 1 2 3 5 6 7 8 9 10 | 10.3
Axes           | 1 2 3 5 6 7 8 9 10 | 10.3
Maces & Flails | 1 2 3 5 6 7 8 9 10 | 10.3
Staves         | 1 2 3 5 6 7 8 9 10 | 10.3
Ranged Weapons | 1 2 3 5 6 7 8 9 10 | 10.3
Throwing       | 1 2 3 5 6 7 8 9 10 | 10.3
Armour         | 1 2 3 5 6 7 8 9 10 | 10.3
Stealth        | 1 2 3 5 6 7 8 9 10 | 10.3
Shields        | 1 2 3 5 6 7 8 9 10 | 10.3
Unarmed Combat | 1 2 3 5 6 7 8 9 10 | 10.3
Evocations     | 1 2 3 5 6 7 8 9 10 | 10.3
Spellcasting   | 3 4 5 6 7 8 9 10 | 10.7
Dodging        | 5 6 7 8 9 10 11 | 11.3
Hexes          | 1 2 3 4 5 6 7 8 |  8.7
Summonings     | 1 2 3 4 5 6 7 8 |  8.7
Necromancy     | 1 2 3 4 5 6 7 8 |  8.7
Translocations | 1 2 3 4 5 6 7 8 |  8.7
Transmutations | 1 2 3 4 5 6 7 8 |  8.7
Fire Magic     | 1 2 3 4 5 6 7 8 |  8.7
Ice Magic      | 1 2 3 4 5 6 7 8 |  8.7
Air Magic      | 1 2 3 4 5 6 7 8 |  8.7
Earth Magic    | 1 2 3 4 5 6 7 8 |  8.7
Poison Magic   | 1 2 3 4 5 6 7 8 |  8.7
Polearms       | 9 10 11 12 13 | 13.2
Conjurations   | 6 7 8 9 10 | 10.3

Action                     |  1- 3 |  4- 6 |  7- 9 | 10-12 | 13-15 || total
---------------------------+-------+-------+-------+-------+-------++-------
  Melee: Spear             |    94 |       |       |       |       ||    94
         Bite              |     8 |    10 |    39 |    58 |   151 ||   266
         Falchion          |    16 |   150 |   257 |   429 |   995 ||  1847
  Throw: Javelin           |       |     3 |     6 |    36 |    30 ||    75
   Cast: Statue Form       |       |       |       |       |     4 ||     4
         Iron Shot         |       |       |       |       |     3 ||     3
 Invoke: Draw Destruction  |       |       |       |     6 |    19 ||    25
         Draw Summoning    |       |       |       |     1 |     4 ||     5
         Triple Draw       |       |       |       |       |     1 ||     1
         Draw Escape       |       |       |       |       |     1 ||     1
  Evoke: Wand              |       |       |       |    13 |       ||    13
         Lightning rod     |       |       |       |     3 |     3 ||     6
         Piece from Xom's  |       |       |       |       |     1 ||     1
    Use: Scroll            |     1 |     8 |     4 |    10 |     7 ||    30
         Potion            |       |     1 |    10 |     4 |    12 ||    27
   Stab: Sleeping          |     1 |       |       |       |       ||     1
         Paralysed         |       |     2 |       |       |       ||     2
         Distracted        |       |       |       |     1 |       ||     1
 Armour: Robe              |     6 |       |       |       |       ||     6
         Plate armour      |    12 |    91 |   215 |   277 |   381 ||   976
         Skin              |       |       |       |       |     1 ||     1
  Dodge: Dodged            |    27 |     3 |    22 |    93 |   234 ||   379
  Block: Kite shield       |     4 |    56 |   155 |   267 |   827 ||  1309
         Reflection        |       |       |       |       |     3 ||     3
